 Dungeon Crawl Stone Soup version 0.30-a0-140-gd1020e658a (webtiles) character file.

Game seed: 18027556630660789905

835 ScottTheTot the Ducker (level 7, -16/68 HPs)
             Began as a Troll Berserker on Sept 24, 2022.
             Was a Priest of Trog.
             Demolished by an ogre
             ... wielding a +0 giant spiked club
              (25 damage)
             ... on level 5 of the Dungeon.
             The game lasted 00:51:58 (4083 turns).

ScottTheTot the Ducker (Troll Berserker)            Turns: 4083, Time: 00:51:59

Health: -16/68     AC:  4    Str: 25    XL:     7   Next: 66%
Magic:  6/6        EV: 10    Int:  7    God:    Trog [***...]
Gold:   259        SH:  0    Dex:  8    Spells: 6/6 levels left

rFire   . . .      SeeInvis .    y - +0 dagger (venom)
rCold   . . .      Faith    .    l - orb {light}
rNeg    . . .      Spirit   .    b - +0 animal skin
rPois   .          Reflect  .    (helmet restricted)
rElec   .          Harm     .    (no cloak)
rCorr   .          Rampage  .    (gloves unavailable)
Will    .....                    (boots unavailable)
Stlth   +.........               (no amulet)
HPRegen 1.01/turn                (no ring)
MPRegen 0.10/turn                (no ring)

@: glowing
A: large, unfitting armour, claws 3, regeneration 1, shaggy fur 1, tough skin 1,
camouflage 1, clever 1, weak 1
a: Renounce Religion, Berserk, Trog's Hand


You were on level 5 of the Dungeon.
You worshipped Trog.
Trog was most pleased with you.
You visited 2 branches of the dungeon, and saw 6 of its levels.

You collected 259 gold pieces.

Inventory:

Hand Weapons
 a - a +0 spear
 f - a +0 short sword
 o - a +0 mace
 q - a +0 sling
 r - a +0 battleaxe
 u - a +0 scimitar
 x - a +2 falchion of protection
 y - a +0 dagger of venom (weapon)
 B - a +0 flail
 C - a +0 shortbow
Missiles
 k - 4 curare-tipped darts
 v - 3 boomerangs of dispersal (quivered)
Armour
 b - a +0 animal skin (worn)
 d - a +0 pair of boots
 j - a +0 scale mail
 l - an orb of light (worn)
Magical Staves
 g - a staff of poison
 n - a staff of cold
Jewellery
 s - a ring of magical power
 z - a +6 ring of strength
Wands
 D - a wand of mindburst (14)
Scrolls
 c - 4 scrolls of identify {unknown}
 e - 3 scrolls of amnesia {unknown}
 h - 6 scrolls of enchant weapon {unknown}
 i - a scroll of acquirement {unknown}
 m - 3 scrolls of blinking {unknown}
 p - a scroll of magic mapping {unknown}
 t - a scroll of teleportation {unknown}
 w - a scroll of butterflies {unknown}
 A - a scroll of poison {unknown}
Potions
 E - a potion of curing


   Skills:
 * Level 3.7 Fighting
 - Level 0.9(2.5) Short Blades
 * Level 3.7(3.8) Long Blades
 - Level 3.2 Polearms
 + Level 0.3 Throwing
 * Level 1.8 Armour
 * Level 4.6 Dodging
 + Level 0.1 Stealth


You had 6 spell levels left.
You didn't know any spells.
Your spell library contained the following spells:

 Spells                   Type           Power      Damage    Failure   Level
 Magic Dart               Conj           0%         1d3       43%         1
 Sting                    Tmut/Pois      0%         1d3       43%         1
 Poisonous Vapours        Pois/Air       0%         N/A       56%         2
 Searing Ray              Conj           0%         2d4       56%         2
 Fulminant Prism          Conj/Hex       0%         3d6       99%         4
 Olgreb's Toxic Radiance  Pois           0%         N/A       99%         4


Dungeon Overview and Level Annotations

Branches:
Dungeon (5/15)             Temple (1/1) D:5

Altars:
Cheibriados
Elyvilon
Hepliaklqana
Okawaru
Ru
Trog
Uskayaw
Wu Jian
Xom
Yredelemnul
Zin
The Shining One

Shops:
D:1 [   D:3 (   D:4 [


Innate Abilities, Weirdness & Mutations

You are too large for most types of armour.
You have claws for hands.
Your natural rate of healing is unusually fast.
You are covered in fur. (AC +1)
You have tough skin. (AC +1)
Your skin changes colour to match your surroundings (Stealth+).
Your mind is acute. (Int +4, Str/Dex -1)
You are weak. (Str -2)


Message History

Welcome back, ScottTheTot the Troll Berserker.
Trog says: Kill them all!
Press ? for a list of commands and other information.
You open the door.
There is an open door here.
You now have 259 gold pieces (gained 11).
Found a stone staircase leading up.
An ogre comes into view. It is wielding a +0 giant spiked club.
The ogre shouts!
You hit the ogre but do no damage.
Your weapon exudes an aura of protection.
The ogre closely misses you.
You hit the ogre.
The ogre is moderately wounded.
You hit the ogre.
The ogre is moderately wounded.
The ogre barely misses you.
You hit the ogre.
The ogre is moderately wounded.
The ogre hits you with a +0 giant spiked club!!
You completely miss the ogre.
The ogre is moderately wounded.
The ogre hits you with a +0 giant spiked club!!
You are too injured to fight recklessly!
Your +2 falchion of protection goes still.
Your +0 dagger of venom begins to drip with poison!
y - a +0 dagger of venom (weapon)
You hit the ogre.
The ogre is poisoned.
The ogre is moderately wounded.
The ogre hits you with a +0 giant spiked club!
* * * LOW HITPOINT WARNING * * *
The ogre looks more healthy.
The ogre closely misses you. The ogre attacks as you move away!
The ogre hits you with a +0 giant spiked club!
The ogre hits you with a +0 giant spiked club!
* * * LOW HITPOINT WARNING * * *
The ogre attacks as you move away!
The ogre hits you with a +0 giant spiked club!!
You die...

###########.#######
#..............
#.#...#####.###
#.#..........
#.#...######.
######.###.#...#
#......# #.#<#.#
#.########.###.#
#.#.....O@.....#
#.#.######.#####
#.#.# #...# #.#.#
###.# #.#.# #.#
#.#.# #.# #.#.# ###
#.#.# #.#.# ####


You could see an ogre.

Vanquished Creatures
  The ghost of ReploidZero the Ducker, an amateur BaWn (D:3)
  A black bear (D:5)
  2 ogres
  A centaur (D:5)
  A necrophage (D:5)
  3 iguanas
  Jessica (D:2)
  An orc wizard (D:4)
  Robin (D:2)
  4 gnolls (D:3)
  3 adders
  2 worms
  A dart slug (D:3)
  5 orcs (D:4)
  6 ball pythons
  11 endoplasms
  2 giant cockroaches (D:2)
  5 hobgoblins
  7 jackals
  4 quokkas
  6 bats
  2 frilled lizards
  6 goblins
  6 kobolds
  9 rats
91 creatures vanquished.

Notes
Turn   | Place    | Note
-------+----------+-------------------------------------------
     0 | D:1      | ScottTheTot the Troll Berserker began the quest for the
                  | Orb.
     0 | D:1      | Reached XP level 1. HP: 22/22 MP: 0/0
   124 | D:1      | Reached XP level 2. HP: 29/29 MP: 1/1
   196 | D:1      | Found a faded altar of an unknown god.
   627 | D:1      | Found Goiduq's Antique Armour Boutique.
   986 | D:2      | Reached XP level 3. HP: 36/36 MP: 2/2
  1028 | D:2      | Noticed Jessica
  1067 | D:2      | Reached ** piety under Trog
  1075 | D:2      | Killed Jessica
  1076 | D:2      | Reached skill level 3 in Dodging
  1128 | D:2      | Gained mutation: Your magical capacity is low. (-10% MP)
                  | [potion of mutation]
  1128 | D:2      | Gained mutation: Your flesh is heat resistant. (rF+)
                  | [potion of mutation]
  1129 | D:2      | Lost mutation: Your magical capacity is low. (-10% MP)
                  | [potion of mutation]
  1129 | D:2      | Lost mutation: Your flesh is heat resistant. (rF+) [potion
                  | of mutation]
  1129 | D:2      | Gained mutation: You expend magic power (3 MP) to
                  | strengthen your wands. [potion of mutation]
  1332 | D:2      | Lost mutation: You expend magic power (3 MP) to strengthen
                  | your wands. [potion of mutation]
  1332 | D:2      | Gained mutation: You have a pair of small horns on your
                  | head. [potion of mutation]
  1332 | D:2      | Gained mutation: You expend magic power (3 MP) to
                  | strengthen your wands. [potion of mutation]
  1345 | D:2      | Noticed Robin
  1351 | D:2      | Reached XP level 4. HP: 44/44 MP: 3/3
  1363 | D:2      | Killed Robin
  1814 | D:3      | Reached XP level 5. HP: 31/53 MP: 4/4
  1950 | D:3      | Found a runed translucent door.
  1951 | D:3      | Noticed ReploidZero's ghost (amateur BaWn)
  2008 | D:3      | Killed ReploidZero's ghost
  2009 | D:3      | Reached skill level 1 in Long Blades
  2009 | D:3      | Reached skill level 1 in Armour
  2009 | D:3      | Reached XP level 6. HP: 61/61 MP: 5/5
  2193 | D:3      | Found Dargh's Antique Weapon Shoppe.
  2535 | D:4      | Found Cobyso's Armour Boutique.
  2570 | D:4      | Found a snail-covered altar of Cheibriados.
  2667 | D:4      | Lost mutation: You expend magic power (3 MP) to strengthen
                  | your wands. [potion of mutation]
  2667 | D:4      | Lost mutation: You have a pair of small horns on your head.
                  | [potion of mutation]
  2667 | D:4      | Gained mutation: You are weak. (Str -2) [potion of
                  | mutation]
  2667 | D:4      | Gained mutation: Your skin changes colour to match your
                  | surroundings (Stealth+). [potion of mutation]
  2667 | D:4      | Gained mutation: Your mind is acute. (Int +4, Str/Dex -1)
                  | [potion of mutation]
  2813 | D:4      | Reached *** piety under Trog
  2867 | D:4      | Reached skill level 4 in Dodging
  3036 | D:4      | Identified the +2 whip "Sarcophage" {vamp, Str+5}
  3170 | D:4      | Found an ornate altar of the Wu Jian Council.
  3442 | D:5      | Entered Level 5 of the Dungeon
  3492 | D:5      | Found a shimmering altar of Xom.
  3604 | D:5      | Reached XP level 7. HP: 49/67 MP: 6/6
  3643 | D:5      | Found a staircase to the Ecumenical Temple.
  3652 | Temple   | Entered the Ecumenical Temple
  4083 | D:5      | Demolished by an ogre

Illustrated notes

Levels and vault maps discovered:
D:1:      minmay_arrival_arboretum_small, layout_loops_ring, serial_shops,
          nicolae_shop_waterfront, ebering_ecumenical_altar_rust
D:2:      layout_basic, uniq_robin, uniq_jessica
D:3:      layout_loops_ring, serial_shops, shop, gammafunk_ghost_grave,
          nicolae_titane
D:4:      layout_cave_pods, nzn_wu_jian_contemplation, slow_altar_2,
          serial_shops, nicolae_shop_stone
D:5:      layout_basic, kennysheep_orc_sif_temple, general_overflow_altar,
          nicolae_kikubaaqudgha_miasma_corner,
          minmay_temple_entry_statues_pillars, nicolae_shop_i_like_big_books,
          minmay_misc_feat_encased, hangedman_abyss_or_decor_lesser_grid
Temple:   nicolae_temple_figure_zero

Skill      XL: |  1  2  3  4  5  6 |
---------------+-------------------+-----
Polearms       | 3 |  3.2
Dodging        | 3 4 |  4.6
Fighting       | 3 |  3.7
Long Blades    | 1 3 |  3.7
Armour         | 1 |  1.8
Short Blades   | |  0.9
Throwing       | |  0.3
Stealth        | |  0.1

Action                   |  1- 3 |  4- 6 |  7- 9 || total
-------------------------+-------+-------+-------++-------
Melee: Spear             |   135 |    19 |       ||   154
       Headbutt          |     2 |    28 |       ||    30
       Falchion          |       |   173 |    42 ||   215
       Dagger            |       |       |     1 ||     1
Throw: Boomerang         |       |     1 |       ||     1
  Use: Potion            |     4 |     8 |       ||    12
 Stab: Sleeping          |     1 |     1 |       ||     2
Armor: Animal skin       |    57 |   122 |    23 ||   202
Dodge: Dodged            |    62 |   125 |    29 ||   216

Table legend: (Time is in decaauts)
 A = Elapsed time spent in this place.
 B = Non-inter-level travel time spent in this place.
 C = Inter-level travel time spent in this place.
 D = Time resting spent in this place.
 E = Time spent auto-exploring this place.
 F = Levels seen in this place.
 G = Mean time per level.
                   A        B        C        D        E       F      G
               +--------+--------+--------+--------+--------+-----+--------+
         Total |   4119 |   3791 |    328 |    100 |   2272 |   6 |  686.5 |
       Dungeon |   3964 |   3662 |    302 |    100 |   2191 |   5 |  792.8 |
        Temple |    154 |    128 |     26 |      0 |     81 |   1 |  154.0 |
               +--------+--------+--------+--------+--------+-----+--------+

Top non-repeatable levels by time:
     D:4: 956 daAuts
     D:1: 956 daAuts
     D:3: 785 daAuts
     D:2: 770 daAuts
     D:5: 495 daAuts
  Temple: 154 daAuts
